 Dungeon Crawl Stone Soup version 0.25.0-15-gac7dcb8919 (webtiles) character file.

Game seed: 946080109403646562

542451 kalagan the Bringer of Light (level 26, -8/173 HPs)
             Began as a Gargoyle Fighter on June 27, 2020.
             Was the Champion of the Shining One.
             Mangled by a death scarab (12 damage)
             ... on level 2 of the Tomb of the Ancients on June 28, 2020.
             The game lasted 03:37:23 (62695 turns).

kalagan the Bringer of Light (Gargoyle Fighter)    Turns: 62695, Time: 03:37:24

Health: -8/173     AC: 57    Str: 37      XL:     26   Next: 3%
Magic:  0/46       EV: 17    Int: 13 (14) God:    the Shining One [******]
Gold:   2886       SH: 32    Dex:  7      Spells: 25/25 levels left

rFire    . . .     SeeInvis .   a - +6 morningstar (holy)
rCold    . . .     Gourm    .   z - +3 kite shield {reflect}
rNeg     + + +     Faith    .   r - +27 Lear's hauberk
rPois    ∞         Spirit   +   (helmet currently unavailable)
rElec    +         Reflect  +   K - scarf {repulsion}
rCorr    .         Harm     .   (gloves currently unavailable)
MR       +++..                  (boots currently unavailable)
Stlth    +.........             V - amulet of the Lich-sworn {Spirit Str+4 Int-4}
HPRegen  0.38/turn              B - ring "Agoxtophoi" {MP+9 Str+2 Int+6 Stlth+}
MPRegen  0.30/turn              X - ring of the Aged Beasts {rElec rPois MR+ Str+2}

@: divine shield, flying, very slightly contaminated, glowing, studying 3
skills, repel missiles
A: big wings, rugged brown scales 1, clumsy 1, deformed body, magic resistance
1, negative energy resistance 1, screaming 1, electricity resistance,
unbreathing, petrification resistance, rot immunity, AC +20
}: 3/15 runes: decaying, serpentine, silver
a: Stop Flying, Divine Shield, Cleansing Flame, Summon Divine Warrior, Brand
Weapon With Holy Wrath, Renounce Religion


You were on level 2 of the Tomb of the Ancients.
You worshipped the Shining One.
The Shining One was exalted by your worship.
You were not hungry.

You visited 11 branches of the dungeon, and saw 50 of its levels.
You visited the Abyss 1 time.
You visited 1 bazaar.
You also visited: Sewer, Ice Cave, Wizlab and Desolation.

You collected 7861 gold pieces.
You spent 4975 gold pieces at shops.

Inventory:

Hand Weapons
 a - a +6 morningstar of holy wrath (weapon)
 v - the +4 flail "Pirotseq" {protect, rElec rC- Int-5 SInv}
   (You bought it in a shop on level 2 of the Orcish Mines)

   It grants its wielder temporary protection when it strikes (+7 to AC).
   It affects your intelligence (-5).
   It makes you vulnerable to cold.
   It insulates you from electricity.
   It lets you see invisible.
 S - the +8 long sword of the Smoking Dove {antimagic, rElec Str-3 Int+4}
   (You found it on level 5 of the Vaults)

   It reduces the magical energy of the wielder, and disrupts the spells and
   magical abilities of those hit.
   Natural abilities and divine invocations are not affected.
   It affects your strength (-3).
   It affects your intelligence (+4).
   It insulates you from electricity.
 Y - the +4 mace of Oozing Pus {vorpal, Str+5}
   (You found it in the Desolation of Salt)

   It inflicts extra damage upon your enemies.
   It affects your strength (+5).
Missiles
 o - 13 atropa-tipped darts
 t - 7 curare-tipped darts
 O - 9 silver javelins (quivered)
Armour
 r - the +27 Lear's hauberk (worn)
   (You took it off a deep elf blademaster on level 3 of the Elven Halls)
 z - a +3 kite shield of reflection (worn)
 D - a +5 plate armour of cold resistance
 G - the +8 plate armour "Xil Gam" {-Cast rPois Regen+ Dex+4}
   (You bought it in a shop on level 4 of the Vaults)

   It affects your dexterity (+4).
   It protects you from poison.
   It prevents spellcasting.
   It increases your rate of regeneration.
 I - a +3 scale mail of fire resistance
 K - a scarf of repulsion (worn)
 T - a +1 cloak of stealth
Jewellery
 b - an uncursed ring of protection from magic
 d - an uncursed ring of protection from fire
 s - an uncursed ring of protection from cold
 u - an uncursed ring of resist corrosion
 y - an uncursed amulet of reflection
 B - the ring "Agoxtophoi" (left hand) {MP+9 Str+2 Int+6 Stlth+}
   (You found it on level 2 of the Snake Pit)

   [ring of intelligence]

   It affects your strength (+2).
   It affects your intelligence (+6).
   It affects your magic capacity (+9).
   It makes you more stealthy.
 V - the amulet of the Lich-sworn (around neck) {Spirit Str+4 Int-4}
   (You found it in the Desolation of Salt)

   [amulet of guardian spirit]

   It causes incoming damage to be split between your health and magic.
   It affects your strength (+4).
   It affects your intelligence (-4).
 X - the ring of the Aged Beasts (right hand) {rElec rPois MR+ Str+2}
   (You took it off a servant of whispers in the Desolation of Salt)

   [ring of poison resistance]

   It affects your strength (+2).
   It insulates you from electricity.
   It protects you from poison.
   It affects your resistance to hostile enchantments.
Wands
 w - a wand of digging (22)
 H - a wand of iceblast (34)
 L - a wand of acid (35)
Scrolls
 h - 4 scrolls of fear
 i - 29 scrolls of remove curse
 l - 4 scrolls of fog
 m - 22 scrolls of teleportation
 x - 6 scrolls of magic mapping
 J - 10 scrolls of immolation
 R - 6 scrolls of identify
Potions
 A - a potion of haste
 C - a potion of mutation
 W - 3 potions of might
 Z - 2 potions of resistance
Books
 k - a manual of Unarmed Combat
 p - a manual of Unarmed Combat
 E - a manual of Throwing
 F - a manual of Slings
Miscellaneous
 g - 4 phantom mirrors
 q - 3 boxes of beasts
 U - a lightning rod (3/4)
Comestibles
 f - 60 rations


   Skills:
 * Level 18.0 Fighting
 + Level 19.0 Maces & Flails
 - Level 10.0 Throwing
 - Level 15.0 Armour
 * Level 19.6 Dodging
 - Level 10.6 Stealth
 - Level 15.0 Shields
 * Level 21.0 Invocations
 + Level 7.0 Evocations


You had 25 spell levels left.
You didn't know any spells.
Your spell library contained the following spells:

 Spells                   Type           Power        Failure   Level  Hunger
 Animate Skeleton         Necr           N/A          63%         1    ##.....
 Apportation              Tloc           #.....       63%         1    ##.....
 Corona                   Hex            #......      63%         1    ##.....
 Foxfire                  Conj/Fire      #...         63%         1    ##.....
 Infusion                 Chrm           #...         63%         1    ##.....
 Magic Dart               Conj           #...         63%         1    ##.....
 Pain                     Necr           #...         63%         1    ##.....
 Sandblast                Erth           #.....       63%         1    ##.....
 Shock                    Conj/Air       #...         63%         1    ##.....
 Sting                    Tmut/Pois      #...         63%         1    ##.....
 Summon Butterflies       Summ           #.......     63%         1    ##.....
 Summon Small Mammal      Summ           #...         63%         1    ##.....
 Blink                    Tloc           N/A          77%         2    ###....
 Call Imp                 Summ           #.......     77%         2    ###....
 Corpse Rot               Necr/Air       N/A          77%         2    ###....
 Passwall                 Tmut/Erth      #.......     77%         2    ###....
 Poisonous Vapours        Pois/Air       #.....       77%         2    ###....
 Searing Ray              Conj           #.....       77%         2    ###....
 Shroud of Golubria       Chrm/Tloc      #.....       77%         2    ###....
 Slow                     Hex            #.......     77%         2    ###....
 Song of Slaying          Chrm           #.......     77%         2    ###....
 Call Canine Familiar     Summ           #.......     94%         3    ####...
 Conjure Flame            Conj/Fire      #.......     94%         3    ####...
 Dazzling Flash           Conj/Hex       #.....       94%         3    ####...
 Gell's Gravitas          Tloc           #.........   94%         3    ####...
 Ignite Poison            Fire/Tmut/Pois #.......     94%         3    ####...
 Inner Flame              Hex/Fire       #.......     94%         3    ####...
 Lesser Beckoning         Tloc           #.........   94%         3    ####...
 Mephitic Cloud           Conj/Pois/Air  #.......     94%         3    ####...
 Ozocubu's Armour         Chrm/Ice       #.......     94%         3    ####...
 Portal Projectile        Hex/Tloc       #.....       94%         3    ####...
 Recall                   Summ/Tloc      N/A          94%         3    ####...
 Spectral Weapon          Hex/Chrm       #.......     94%         3    ####...
 Static Discharge         Conj/Air       #.......     94%         3    ####...
 Stone Arrow              Conj/Erth      #.....       94%         3    ####...
 Summon Guardian Golem    Hex/Summ       #.......     94%         3    ####...
 Tukima's Dance           Hex            #.......     94%         3    ####...
 Vampiric Draining        Necr           #.........   94%         3    ####...
 Airstrike                Air            #.........   100%        4    #####..
 Animate Dead             Necr           N/A          100%        4    #####..
 Cause Fear               Hex            #.........   100%        4    #####..
 Dispel Undead            Necr           #.......     100%        4    #####..
 Fulminant Prism          Conj/Hex       #.........   100%        4    #####..
 Ice Form                 Ice/Tmut       #.......     100%        4    #####..
 Iskenderun's Mystic Bla  Conj/Tloc      #.......     100%        4    #####..
 Leda's Liquefaction      Hex/Erth       #.........   100%        4    #####..
 Olgreb's Toxic Radiance  Pois           #.......     100%        4    #####..
 Petrify                  Tmut/Erth      #.......     100%        4    #####..
 Summon Ice Beast         Ice/Summ       #.......     100%        4    #####..
 Summon Lightning Spire   Summ/Air       #.......     100%        4    #####..
 Agony                    Necr           #.......     100%        5    ######.
 Alistair's Intoxication  Tmut/Pois      #.......     100%        5    ######.
 Aura of Abjuration       Summ           #.........   100%        5    ######.
 Excruciating Wounds      Chrm/Necr      #.........   100%        5    ######.
 Fireball                 Conj/Fire      #.........   100%        5    ######.
 Lee's Rapid Deconstruct  Erth           #.........   100%        5    ######.
 Lightning Bolt           Conj/Air       #.........   100%        5    ######.
 Silence                  Hex/Air        #.........   100%        5    ######.
 Summon Demon             Summ           #.........   100%        5    ######.
 Summon Forest            Summ/Tloc      #.........   100%        5    ######.
 Summon Mana Viper        Hex/Summ       #.......     100%        5    ######.
 Yara's Violent Unravell  Hex/Tmut       #.........   100%        5    ######.
 Conjure Ball Lightning   Conj/Air       #.........   100%        6    #######
 Hydra Form               Tmut           #.........   100%        6    #######
 Invisibility             Hex            #.......     100%        6    #######
 Shadow Creatures         Summ           N/A          100%        6    #######
 Simulacrum               Ice/Necr       #.........   100%        6    #######
 Dragon Form              Tmut           #.........   100%        7    #######
 Haunt                    Necr/Summ      #.........   100%        7    #######
 Summon Hydra             Summ           #.........   100%        7    #######
 Borgnjor's Revivificati  Necr           #.........   100%        8    #######
 Death's Door             Chrm/Necr      #.........   100%        8    #######
 Discord                  Hex            #.........   100%        8    #######
 Ignition                 Fire           #.........   100%        8    #######
 Infestation              Necr           #.........   100%        8    #######
 Necromutation            Tmut/Necr      #.........   100%        8    #######
 Dragon's Call            Summ           #.........   100%        9    #######
 Shatter                  Erth           #.........   100%        9    #######
 Tornado                  Air            #.........   100%        9    #######
 Sublimation of Blood     Necr           Unusable     N/A         2    N/A
 Statue Form              Tmut/Erth      Unusable     N/A         6    N/A

Dungeon Overview and Level Annotations

Branches:
Dungeon (15/15)            Temple (1/1) D:6            Lair (6/6) D:9
  Swamp (4/4) Lair:3        Snake (4/4) Lair:2        Slime (5/5) Lair:6
    Orc (2/2) D:10            Elf (3/3) Orc:2        Vaults (5/5) D:13
  Crypt (3/3) Vaults:3       Tomb (2/3) Crypt:3      Depths (0/5) D:15
  Sewer (visited)           IceCv (visited)          WizLab (visited)
Desolation (visited)

Altars:
Ashenzari
Cheibriados
Dithmenos
Elyvilon
Fedhas
Gozag
Kikubaaqudgha
Makhleb
Nemelex Xobeh
Ru
Sif Muna
Uskayaw
Vehumet
Wu Jian
Xom
Yredelemnul
The Shining One
Beogh
Jiyva

Shops:
D:11 [   D:12 (   D:13 [   D:15 *=   Orc:1 [   Orc:2 ?((=   Elf:2 %   Snake:1 *
Snake:3 *   Vaults:4 [?

Portals:
Hell: Lair:6

Annotations:
Slime:5 Royal Jelly


Innate Abilities, Weirdness & Mutations

You are resistant to torment.
Your stone body is resilient. (AC +20)
You are immune to poison.
Your large and strong wings let you fly indefinitely.
You resist negative energy. (rN+)
You are resistant to electric shocks. (rElec)
You can survive without breathing.
You are immune to petrification.
You are immune to rotting.
You are partially covered in rugged brown scales. (AC +1, +3% HP)
You are clumsy. (Dex -2)
Armour fits poorly on your strangely shaped body.
You are resistant to hostile enchantments. (MR+)
You occasionally shout uncontrollably at your foes.


Message History

The death scarab is moderately damaged.
You block the death scarab's attack. x2; The death scarab misses you.
You block the death scarab's attack.
Unknown command.
You closely miss the death scarab. You block the death scarab's attack.
The death scarab barely misses you. You block the death scarab's attack.
The death scarab barely misses you. You block the death scarab's attack.
Unknown command.
Unknown command.
You sock the death scarab!
The death scarab convulses!!
You destroy the death scarab!
The Shining One accepts your kill.
You feel better.
You feel your power returning.
You block the death scarab's attack. x2; The death scarab closely misses you.
You block the death scarab's attack. x2; The death scarab bites you!
* * * LOW HITPOINT WARNING * * *
You hit the death scarab.
The death scarab convulses.
The death scarab is moderately damaged.
You block the death scarab's attack. x2; The death scarab bites you!
You die...

#..^s...........Mz.
#........#...#..zz.
#..................
#........ #.s......
#.(####.. . #s.#
.... #ss####.....
#sss@...(...
#.ssss......
#########'##


You could see 10 death scarabs.

Vanquished Creatures
  2 ancient liches (Crypt:3)
  2 greater mummies (Tomb:2)
  Bai Suzhen (Elf:3)
  A golden dragon (Vaults:5)
  Nikola (Elf:3)
  7 liches
  A tentacled monstrosity (Vaults:5)
  A titan (Vaults:4)
  A deep elf master archer (Elf:3)
  2 deep elf blademasters (Elf:3)
  The ghost of Jipob the Peltast, an adept MiBe of Trog (Lair:6)
  4 ancient champions (Crypt:2)
  8 acid blobs
  4 tengu reavers (Vaults:5)
  Gastronok (D:8)
  5 sphinxes
  4 shadow dragons
  Kirke (Lair:6)
  2 storm dragons
  Donald (Swamp:3)
  A thorn hunter (Swamp:4)
  A revenant (Crypt:2)
  3 azure jellies
  2 imperial myrmidons (Desolation)
  2 fire giants
  5 deep elf sorcerers
  4 frost giants
  3 nagarajas (Snake:4)
  15 vault wardens
  An iron dragon (Vaults:5)
  3 curse skulls
  An orc warlord (D:15)
  Aizul (Snake:4)
  3 ghouls
  Louise (D:15)
  A balrug (WizLab)
  14 ironheart preservers
  3 deep elf elementalists
  9 very ugly things
  9 vampire knights
  8 stone giants
  3 deep elf demonologists
  A lorocyproca (WizLab)
  2 bennus (Tomb:2)
  6 deep elf annihilators
  2 dire elephants
  A halazid warlock (Desolation)
  7 ettins
  A minotaur (shapeshifter) (Vaults:5)
  7 deep elf death magi
  2 crystal guardians
  3 eidola
  11 jiangshi
  3 deep elf high priests
  10 yaktaur captains
  Fannar (Lair:3)
  9 ogre magi
  2 ragged hierophants (Desolation)
  Harold (D:7)
  2 fire dragons (Vaults:1)
  3 mummy priests (Tomb:1)
  The ghost of MackTheFife the Archer, a journeyman CeHu of Dithmenos (D:10)
  22 vault guards
  An ice dragon (Vaults:3)
  4 servants of whispers
  3 ghost crabs
  11 naga warriors
  13 anacondas
  2 hell beasts (WizLab)
  8 great orbs of eyes
  A quicksilver dragon skeleton (Crypt:2)
  2 peacekeepers (Desolation)
  Erica (Lair:2)
  17 hydras
  2 shambling mangroves
  13 alligators
  4 centaur warriors
  32 two-headed ogres
  31 dancing weapons
  7 death yaks
  12 death scarabs
  5 death knights
  2 two-headed ogres (shapeshifter)
  A deep troll shaman (Vaults:4)
  3 deep troll earth magi
  10 vampire magi
  4 orc high priests
  7 naga sharpshooters
  9 hell knights (Crypt:3)
  8 shock serpents
  21 deep elf knights
  2 soul eaters (Crypt:2)
  4 sun demons
  A storm dragon skeleton (Crypt:3)
  A fire crab (shapeshifter) (D:13)
  A golden dragon zombie (Crypt:1)
  3 salamander mystics
  A death drake (Swamp:3)
  2 wretched stars (Abyss:3)
  9 skeletal warriors
  3 shadow wraiths
  12 flayed ghosts
  3 spriggan druids
  5 naga ritualists
  16 deep trolls
  2 anaconda zombies
  2 wizards
  Pikel (D:5)
  7 swamp dragons
  A golden dragon skeleton (Crypt:1)
  16 orc knights
  6 harpies
  3 lindwurms
  11 phantasmal warriors
  A shadow dragon zombie (Crypt:1)
  5 necromancers
  24 deep elf archers
  14 ironbrand convokers
  17 mana vipers
  11 orc sorcerers
  A fire giant zombie (Vaults:4)
  71 deep elf magi
  4 shining eyes
  32 ugly things
  6 cyclopes
  A stone giant zombie (Vaults:5)
  2 wolf spiders
  An iron dragon skeleton (Crypt:2)
  7 salamanders
  29 black mambas
  2 rust devils (WizLab)
  A stone giant skeleton (Vaults:4)
  An elephant (Lair:4)
  2 human skeletons
  13 naga magi
  7 guardian serpents
  3 smoke demons (Crypt:3)
  2 eyes of devastation
  7 vault sentinels
  2 ice statues (IceCv)
  2 orange demons (Lair:6)
  A storm dragon simulacrum (Crypt:2)
  23 spiny frogs
  2 gargoyles (Crypt:3)
  2 shock serpent skeletons
  A yaktaur zombie (Vaults:5)
  5 rime drakes
  3 demonic crawlers
  4 freezing wraiths
  2 kobold demonologists (Crypt:1)
  An efreet (D:15)
  4 swamp worm zombies (Swamp:3)
  36 yaktaurs
  6 komodo dragons
  A black draconian skeleton (Crypt:1)
  7 guardian mummies
  12 ice devils
  2 hellwings
  A sea snake skeleton (Crypt:1)
  6 trolls
  7 red devils
  3 meliai
  A merfolk (shapeshifter) (Vaults:5)
  A polar bear (Lair:4)
  48 slime creatures
  Prince Ribbit (D:6)
  6 hornets
  An ettin zombie (Vaults:5)
  9 tyrant leeches
  A wind drake (shapeshifter) (Vaults:5)
  19 saltlings
  A fire dragon zombie (Crypt:3)
  A harpy skeleton (Crypt:1)
  4 raiju (Abyss:3)
  4 alligator zombies
  23 bog bodies
  2 spectral swamp dragons (Swamp:3)
  7 hippogriffs
  A dream sheep (Lair:6)
  10 blink frogs
  A dream sheep (shapeshifter) (D:15)
  A fire giant simulacrum (Crypt:1)
  A fire dragon skeleton (Crypt:3)
  8 flying skulls
  2 spriggans (Swamp:3)
  A ynoxinul (Abyss:3)
  A redback (shapeshifter) (Vaults:5)
  4 air elementals
  4 water elementals
  6 wraiths
  7 shadows
  3 wyverns (Lair:4)
  5 vampires
  A steam dragon (D:12)
  18 yaks
  A hungry ghost (D:10)
  Sigmund (D:6)
  3 basilisks
  A neqoxec (Abyss:3)
  A fire elemental (Elf:1)
  3 hogs (Lair:6)
  Eustachio (D:6)
  4 ushabtiu
  Grum (D:9)
  2 tyrant leech zombies (Swamp:3)
  A chaos spawn (WizLab)
  24 nagas
  40 vampire mosquitoes
  17 wargs
  6 insubstantial wisps
  16 water moccasins
  12 swamp worms
  An acid dragon (Vaults:2)
  A warg (shapeshifter) (Vaults:5)
  3 hell hounds (Lair:6)
  A large abomination (Abyss:3)
  9 porcupines
  6 spiny frog zombies (Swamp:3)
  4 black bears
  A two-headed ogre skeleton (Crypt:1)
  43 orc warriors
  2 sky beasts
  11 swamp drakes
  3 ice beasts
  3 slaves
  2 eyes of draining
  4 small abominations
  6 boggarts
  A phantom (D:3)
  A necrophage (D:10)
  9 wolves
  14 centaurs
  30 ogres
  12 crocodiles
  2 big kobolds
  23 bullfrogs
  A gnoll sergeant (Orc:1)
  2 earth elementals
  A wyvern zombie (D:8)
  A glowing shapeshifter simulacrum (Vaults:4)
  An elf skeleton (Crypt:1)
  A deep troll simulacrum (Vaults:1)
  A wyvern skeleton (D:13)
  3 scorpions
  2 spriggan zombies (Swamp:3)
  An orc simulacrum (Vaults:1)
  2 troll zombies (Swamp:3)
  A warg skeleton (Crypt:2)
  9 killer bees
  13 wights
  4 howler monkeys
  4 crimson imps
  A bullfrog zombie (D:12)
  6 centaur zombies
  A human simulacrum (Vaults:1)
  3 quasits
  3 human zombies
  2 starcursed masses (Abyss:3)
  5 centaur skeletons
  5 hounds
  24 orc priests
  8 jellies
  41 orc wizards
  A bullfrog skeleton (D:10)
  An iron imp (Abyss:3)
  3 iguanas
  2 hell rats (D:9)
  7 worker ants
  A killer bee zombie (D:7)
  A tengu skeleton (Crypt:3)
  10 mummies
  An ogre skeleton (Crypt:2)
  A hound zombie (D:9)
  A worker ant zombie (D:6)
  4 gnolls (Orc:1)
  11 adders
  3 river rats
  A shadow imp (D:11)
  17 white imps
  11 ufetubi (IceCv)
  8 oozes
  An adder zombie (D:7)
  3 adder skeletons
  3 dart slugs
  6 worms
  5 leopard geckos
  98 orcs
  9 bats
  3 giant cockroaches
  12 goblins
  6 hobgoblins
  16 jackals
  7 quokkas
  3 ball pythons
  10 frilled lizards
  A giant cockroach zombie (D:1)
  A jackal skeleton (D:8)
  A jackal zombie (D:4)
  18 kobolds
  A leopard gecko zombie (D:1)
  An orc skeleton (Crypt:3)
  A quokka skeleton (Crypt:2)
  A quokka zombie (D:8)
  13 rats
  4 crawling corpses (Vaults:5)
  2 withered plants (Crypt:3)
1968 creatures vanquished.

Vanquished Creatures (collateral kills)
  Mara (Vaults:4)
  the Lernaean hydra (Swamp:4)
  The ghost of Nyubb the Impregnable, a veteran MiGl of Hepliaklqana (Crypt:2)
  3 greater mummies (Tomb:1)
  A Hellbinder (WizLab)
  Jorgrun (Swamp:2)
  A deep elf master archer (Elf:3)
  A tentacled starspawn (Abyss:3)
  4 sphinxes (Tomb:1)
  A storm dragon (Vaults:5)
  2 revenants
  Roxanne (D:14)
  An azure jelly (Slime:3)
  6 nagarajas
  A tengu reaver (Vaults:5)
  A frost giant (Vaults:4)
  2 ghouls (Crypt:2)
  An imperial myrmidon (Desolation)
  3 balrugs (WizLab)
  An orc warlord (Orc:1)
  A black sun (WizLab)
  A vault warden (Vaults:2)
  A reaper (Tomb:1)
  3 ironheart preservers
  3 war gargoyles (Crypt:3)
  A vampire knight (Vaults:3)
  2 lorocyprocas (WizLab)
  A deep elf annihilator (Vaults:1)
  2 eidola
  A green death (WizLab)
  2 crystal guardians (Desolation)
  A death ooze (Slime:5)
  3 jiangshi
  3 yaktaur captains
  2 deep elf death magi
  A fire dragon (Vaults:3)
  An ogre mage (Vaults:2)
  2 ragged hierophants (Desolation)
  3 mummy priests
  An ice dragon (D:15)
  4 vault guards (Vaults:5)
  A hell beast (WizLab)
  A servant of whispers (Desolation)
  A peacekeeper (Desolation)
  2 hydras (Swamp:4)
  A rakshasa (Vaults:2)
  2 naga warriors (Snake:4)
  A catoblepas (D:15)
  2 centaur warriors
  4 anacondas
  4 death knights
  An alligator (Swamp:4)
  7 death scarabs
  2 two-headed ogres
  A dancing weapon (Elf:3)
  5 vampire magi
  A shock serpent (Snake:4)
  A sun demon (WizLab)
  A deep troll earth mage (Vaults:3)
  9 naga sharpshooters
  4 soul eaters
  A hell knight (Crypt:3)
  A titan skeleton (Crypt:3)
  2 deep elf knights
  2 salamander mystics (Snake:4)
  2 sixfirhies (WizLab)
  5 skeletal warriors
  An unseen horror (Vaults:1)
  An obsidian statue (Vaults:4)
  3 deep trolls
  A deep troll (shapeshifter) (Vaults:5)
  A naga ritualist (Snake:4)
  A shadow demon (WizLab)
  2 flayed ghosts
  2 swamp dragons (Swamp:4)
  A wizard (Vaults:2)
  A harpy (Vaults:1)
  An orc knight (Vaults:3)
  A deep elf archer (Elf:3)
  An orange crystal statue (Crypt:2)
  2 ironbrand convokers
  A lindwurm (shapeshifter) (D:15)
  2 phantasmal warriors (Crypt:3)
  2 lindwurms (Snake:4)
  2 necromancers
  2 mana vipers
  11 ugly things
  6 deep elf magi
  A cyclops (Vaults:2)
  A human skeleton (Vaults:1)
  2 guardian serpents
  A stone giant skeleton (Crypt:3)
  4 black mambas
  8 naga magi
  2 gargoyles (Crypt:3)
  A vault sentinel (Vaults:3)
  A molten gargoyle (Desolation)
  3 orange demons (WizLab)
  2 spiny frogs
  A freezing wraith (Crypt:3)
  An alligator snapping turtle zombie (Crypt:1)
  A tormentor (Abyss:3)
  A rime drake (Lair:6)
  A komodo dragon (Lair:6)
  An ice devil (WizLab)
  6 yaktaurs
  3 hellwings (WizLab)
  3 guardian mummies (Tomb:1)
  A troll (Vaults:3)
  15 saltlings (Desolation)
  A harpy skeleton (Crypt:2)
  4 spectral swamp dragons (Swamp:3)
  4 bog bodies
  A stone giant simulacrum (Crypt:1)
  3 flying skulls (Tomb:1)
  A hippogriff (Lair:6)
  A vampire (Crypt:3)
  3 shadows (Crypt:3)
  2 wraiths
  3 ushabtiu (Tomb:1)
  A chaos spawn (WizLab)
  A neqoxec (WizLab)
  11 nagas
  2 orc warriors
  4 ogres
  3 boggarts
  3 centaurs (Vaults:1)
  A yaktaur skeleton (Crypt:2)
  An orc wizard (Vaults:3)
  5 mummies
  A worker ant zombie (Crypt:2)
298 creatures vanquished.

Vanquished Creatures (others)
  A shadow dragon (Vaults:5)
  A reaper (IceCv)
  A stone giant (Vaults:5)
  A deep elf demonologist (Elf:3)
  A hell beast (WizLab)
  A peacekeeper (Desolation)
  A small abomination (Vaults:5)
  2 alligators
  A dancing weapon (Elf:2)
  A spriggan druid (Swamp:1)
  4 deep elf magi
  A naga mage (Snake:4)
  A human (Lair:6)
  2 swamp worms
  2 orc warriors
  2 swamp drakes
  An ogre (Vaults:5)
  4 white imps (IceCv)
  3 orcs
  2 briar patches (Swamp:4)
  A bush (Swamp:4)
  23 fungi
  4 plants
  2 starspawn tentacles (Abyss:3)
  8 toadstools (Lair:4)
  7 withered plants
78 creatures vanquished.

Grand Total: 2344 creatures vanquished

Notes
Turn   | Place    | Note
-------+----------+-------------------------------------------
     0 | D:1      | kalagan the Gargoyle Fighter began the quest for the Orb.
     0 | D:1      | Reached XP level 1. HP: 14/14 MP: 1/1
   225 | D:1      | Reached XP level 2. HP: 17/19 MP: 2/2
  1116 | D:2      | Reached skill level 1 in Dodging
  1130 | D:2      | Reached XP level 3. HP: 18/23 MP: 3/3
  1556 | D:2      | Reached XP level 4. HP: 21/28 MP: 4/4
  2373 | D:3      | Reached XP level 5. HP: 33/33 MP: 5/5
  2839 | D:3      | Reached XP level 6. HP: 38/38 MP: 6/6
  3177 | D:3      | Noticed a phantom
  3233 | D:3      | Killed a phantom
  3718 | D:4      | Reached XP level 7. HP: 44/44 MP: 7/7
  3720 | D:4      | Found a glowing drain.
  3765 | Sewer    | Entered a sewer
  4808 | D:5      | Entered Level 5 of the Dungeon
  4883 | D:5      | Noticed Pikel
  5118 | D:5      | Killed Pikel
  5118 | D:5      | Reached skill level 5 in Fighting
  5118 | D:5      | Reached skill level 5 in Maces & Flails
  5118 | D:5      | Reached skill level 1 in Throwing
  5118 | D:5      | Reached skill level 5 in Armour
  5118 | D:5      | Reached skill level 5 in Shields
  5118 | D:5      | Reached XP level 8. HP: 49/49 MP: 8/8
  5206 | D:5      | Found a white marble altar of Elyvilon.
  5648 | D:6      | Found a staircase to the Ecumenical Temple.
  5699 | Temple   | Entered the Ecumenical Temple
  5722 | Temple   | Became a worshipper of the Shining One
  5824 | D:6      | Noticed Eustachio
  5838 | D:6      | Noticed Sigmund
  5886 | D:6      | Noticed Prince Ribbit
  5899 | D:6      | Killed Prince Ribbit
  5899 | D:6      | Reached XP level 9. HP: 36/54 MP: 9/9
  6185 | D:6      | Killed Sigmund
  6247 | D:6      | Reached skill level 5 in Dodging
  6257 | D:6      | Killed Eustachio
  6637 | D:7      | Reached * piety under the Shining One
  6944 | D:7      | Reached skill level 1 in Invocations
  6999 | D:7      | Noticed Harold
  7020 | D:7      | Killed Harold
  7020 | D:7      | Reached skill level 2 in Invocations
  7020 | D:7      | Reached XP level 10. HP: 61/61 MP: 11/11
  7294 | D:8      | Noticed Gastronok
  7382 | D:8      | Killed Gastronok
  7382 | D:8      | Reached skill level 3 in Invocations
  7827 | D:8      | Found a viscous altar of Jiyva.
  8284 | D:8      | Reached ** piety under the Shining One
  8508 | D:9      | Noticed a death yak
  8510 | D:9      | Noticed a death yak
  8511 | D:9      | Noticed a death yak
  8552 | D:8      | Killed a death yak
  8552 | D:8      | Reached XP level 11. HP: 46/67 MP: 13/13
  8764 | D:8      | HP: 3/67 [death yak (15)]
  8766 | D:8      | The Shining One protects you from harm!
  9055 | D:8      | Killed a death yak
  9055 | D:8      | Reached skill level 4 in Invocations
  9412 | D:9      | Got a transparent hand axe
  9421 | D:9      | Found a staircase to the Lair.
  9485 | D:9      | Noticed Grum
  9512 | D:9      | Killed Grum
  9990 | Lair:1   | Entered Level 1 of the Lair of Beasts
 11396 | Lair:2   | Found a staircase to the Snake Pit.
 11401 | Lair:2   | Reached skill level 5 in Invocations
 11499 | Lair:2   | Reached skill level 1 in Stealth
 11568 | Lair:2   | Reached skill level 1 in Evocations
 11633 | Lair:2   | Reached XP level 12. HP: 73/73 MP: 15/15
 11654 | Lair:2   | Noticed Erica
 11668 | Lair:2   | Killed Erica
 11828 | Lair:2   | You fall into a shaft and drop 1 floor!
 11828 | Lair:3   | Noticed Fannar
 12213 | Lair:3   | Reached skill level 10 in Maces & Flails
 12225 | Lair:3   | You fall into a shaft and drop 3 floors!
 12225 | Lair:6   | Entered Level 6 of the Lair of Beasts
 12259 | Lair:6   | Noticed Jipob's ghost (adept MiBe)
 12259 | Lair:6   | Reached *** piety under the Shining One
 12283 | Lair:6   | Identified a scroll of acquirement
 12283 | Lair:6   | Noticed a six-headed hydra
 12288 | Lair:6   | Found a transporter.
 12344 | Lair:6   | Noticed a death yak
 12359 | Lair:6   | Noticed a dire elephant
 12363 | Lair:6   | Noticed Kirke
 12366 | Lair:6   | Noticed a seven-headed hydra
 12369 | Lair:6   | Killed a death yak
 12370 | Lair:6   | Killed a dire elephant
 12370 | Lair:6   | Killed Kirke
 12599 | Lair:6   | Got an iridescent war axe
 12624 | Lair:6   | Found a transporter.
 12635 | Lair:5   | Reached skill level 6 in Invocations
 12636 | Lair:5   | Noticed a death yak
 12647 | Lair:5   | Killed a death yak
 12648 | Lair:5   | Noticed a death yak
 12649 | Lair:5   | Noticed a death yak
 12667 | Lair:5   | Killed a death yak
 12675 | Lair:5   | Killed a death yak
 13440 | Lair:4   | Noticed a dire elephant
 13461 | Lair:4   | Found a runed translucent door.
 13501 | Lair:4   | Reached XP level 13. HP: 80/80 MP: 17/17
 13732 | Lair:4   | Reached skill level 10 in Dodging
 13983 | Lair:3   | Found a staircase to the Swamp.
 14733 | Lair:3   | Killed Fannar
 15308 | Lair:4   | Reached **** piety under the Shining One
 15774 | Lair:4   | Identified the +4 war axe of Unreason {protect, Str+5} (You
                  | found it on level 6 of the Lair of Beasts)
 15789 | Lair:4   | Reached skill level 7 in Invocations
 15885 | Lair:4   | Killed a dire elephant
 16931 | Lair:6   | Found a staircase to the Slime Pits.
 17376 | Lair:6   | Found a burning altar of Makhleb.
 17427 | Lair:6   | Reached skill level 5 in Throwing
 17433 | Lair:6   | Found a gateway to Hell.
 17996 | D:10     | Entered Level 10 of the Dungeon
 18025 | D:10     | Found a runed translucent door.
 18026 | D:10     | Noticed MackTheFife's ghost (journeyman CeHu)
 18132 | D:10     | Found a staircase to the Orcish Mines.
 18337 | D:10     | Gained mutation: Your large and strong wings let you fly
                  | indefinitely. [Gargoyle growth]
 18337 | D:10     | Reached XP level 14. HP: 87/87 MP: 19/19
 18818 | Orc:1    | Entered Level 1 of the Orcish Mines
 18909 | Orc:1    | Found Bukk's Armour Emporium.
 18937 | Orc:1    | Identified the cursed +2 hand axe of Death {vorpal, rPois}
                  | (You found it on level 9 of the Dungeon)
 19177 | Orc:1    | Reached ***** piety under the Shining One
 19369 | Orc:1    | Found a roughly hewn altar of Beogh.
 19555 | Orc:2    | Entered Level 2 of the Orcish Mines
 19576 | Orc:2    | Noticed an orc warlord
 19577 | Orc:2    | Reached skill level 10 in Shields
 19675 | Orc:2    | Found a staircase to the Elven Halls.
 19855 | Orc:2    | Paralysed by an orc sorcerer for 7 turns
 19865 | Orc:2    | Reached skill level 10 in Fighting
 20268 | Orc:2    | Reached skill level 8 in Invocations
 20379 | Orc:1    | Killed an orc warlord
 20379 | Orc:1    | Reached skill level 10 in Armour
 20864 | Orc:2    | Found Xifa's Magic Scroll Shoppe.
 20864 | Orc:2    | Found Zureti's Antique Weapon Shoppe.
 20865 | Orc:2    | Found Juraihorr's Jewellery Emporium.
 20868 | Orc:2    | Found Xiwei's Antique Weapon Emporium.
 20874 | Orc:2    | Bought a polished flail for 297 gold pieces
 20875 | Orc:2    | Bought a +6 ring of strength for 643 gold pieces
 20875 | Orc:2    | Bought an uncursed amulet of regeneration for 330 gold
                  | pieces
 20880 | Orc:2    | Bought a scroll of identify for 28 gold pieces
 20880 | Orc:2    | Bought 3 scrolls of magic mapping for 147 gold pieces
 20880 | Orc:2    | Bought a scroll of teleportation for 42 gold pieces
 20880 | Orc:2    | Bought a scroll of teleportation for 42 gold pieces
 20880 | Orc:2    | Bought a scroll of holy word for 105 gold pieces
 20880 | Orc:2    | Identified the +4 flail "Pirotseq" {protect, rElec rC-
                  | Int-5 SInv} (You bought it in a shop on level 2 of the
                  | Orcish Mines)
 21156 | Elf:1    | Entered Level 1 of the Elven Halls
 21728 | Elf:1    | Reached XP level 15. HP: 93/93 MP: 21/21
 21759 | Elf:1    | Reached skill level 9 in Invocations
 22773 | Elf:2    | Found a ruined gateway.
 22777 | Desolati | Entered the Desolation of Salt
 23006 | Desolati | Noticed an imperial myrmidon
 23007 | Desolati | Reached skill level 10 in Invocations
 23018 | Desolati | Killed an imperial myrmidon
 23060 | Desolati | Got a vibrating diamond amulet
 23070 | Desolati | Identified the Catalogue of Fire and the Frostbite
 23098 | Desolati | Noticed an imperial myrmidon
 23098 | Desolati | Identified the ring of the Aged Beasts {rElec rPois MR+
                  | Str+2}
 23116 | Desolati | Killed an imperial myrmidon
 23147 | Desolati | Got a masterwork mace
 23153 | Desolati | Identified the +4 mace of Oozing Pus {vorpal, Str+5} (You
                  | found it in the Desolation of Salt)
 23171 | Desolati | Noticed an imperial myrmidon
 23184 | Desolati | Killed an imperial myrmidon
 23271 | Elf:2    | Identified the amulet of the Lich-sworn {Spirit Str+4
                  | Int-4} (You found it in the Desolation of Salt)
 23446 | Elf:2    | Reached XP level 16. HP: 100/100 MP: 23/23
 23470 | Elf:2    | Found Wishreli's Food Boutique.
 23573 | Elf:2    | Found a huge runed translucent gate.
 23573 | Elf:2    | Found a huge runed translucent gate.
 23573 | Elf:2    | Found a huge runed translucent gate.
 23573 | Elf:2    | Found a huge runed translucent gate.
 23574 | Elf:2    | Found a huge runed translucent gate.
 24054 | Elf:3    | Entered Level 3 of the Elven Halls
 24094 | Elf:3    | Noticed Bai Suzhen
 24139 | Elf:3    | Killed Bai Suzhen
 24570 | Elf:3    | Reached skill level 11 in Invocations
 25412 | Elf:3    | Noticed Nikola
 25721 | Elf:3    | Gained mutation: Your magical capacity is low. (-10% MP) [a
                  | cacodemon]
 25748 | Elf:3    | Noticed an Ice Fiend
 25772 | Elf:3    | Killed Nikola
 25954 | Elf:3    | Identified the amulet of the Foremost Curses {RegenMP rElec
                  | rPois Str+3}
 25954 | Elf:3    | Noticed a deep elf blademaster
 25955 | Elf:3    | Noticed a deep elf master archer
 25974 | Elf:3    | Identified the +4 leather armour of Quiet Fog {rCorr Str+3}
 25974 | Elf:3    | Noticed a deep elf blademaster
 26003 | Elf:3    | Killed a deep elf blademaster
 26031 | Elf:3    | Killed a deep elf blademaster
 26031 | Elf:3    | Reached XP level 17. HP: 41/105 MP: 3/23
 26280 | Elf:3    | Identified the +8 scimitar of Success {venom, *Slow rElec
                  | MR++ Stlth+}
 26323 | Elf:3    | Killed a deep elf master archer
 26325 | Elf:3    | Cast into level 3 of the Abyss (deep elf death mage)
 26681 | Abyss:3  | Noticed a tentacled starspawn
 26701 | Abyss:3  | Killed a tentacled starspawn
 26748 | Abyss:3  | HP: 3/106 [starcursed mass/accursed screaming (6)]
 26751 | Abyss:3  | Noticed a tentacled starspawn
 26820 | Abyss:3  | Noticed an Executioner
 26822 | Elf:3    | Escaped the Abyss
 26847 | Elf:3    | Killed a ghostly deep elf master archer
 26847 | Elf:3    | Reached skill level 12 in Invocations
 27324 | Elf:3    | Noticed a deep elf master archer
 27349 | Elf:3    | Killed a deep elf master archer
 27349 | Elf:3    | Reached skill level 10 in Throwing
 28713 | D:10     | Killed MackTheFife's ghost
 28772 | D:11     | Found a frozen archway.
 28814 | IceCv    | Entered an ice cave
 29104 | IceCv    | Reached ****** piety under the Shining One
 29739 | D:11     | Found a snail-covered altar of Cheibriados.
 30034 | D:11     | Found Matranla's Antique Armour Shoppe.
 30601 | D:12     | Found Ziejox's Antique Weapon Boutique.
 30868 | D:12     | Found a shimmering blue altar of Sif Muna.
 30886 | D:12     | Identified Sif Muna's Almanac of Noxious Moulding
 30995 | D:13     | Reached skill level 15 in Maces & Flails
 31263 | D:13     | Found a gate to the Vaults.
 31535 | D:13     | Found Biaraysih's Armour Boutique.
 31576 | D:13     | Reached XP level 18. HP: 112/112 MP: 23/24
 31829 | Snake:1  | Entered Level 1 of the Snake Pit
 31850 | Snake:1  | Found Duotigh's General Store.
 31856 | Snake:1  | Bought a scroll of enchant armour for 105 gold pieces
 31880 | Snake:1  | Reached skill level 15 in Dodging
 32077 | Snake:1  | Reached skill level 13 in Invocations
 33679 | Snake:2  | Got a faintly glowing pewter ring
 34396 | Snake:3  | Found Vadaew's General Store.
 34406 | Snake:3  | Bought a ration for 80 gold pieces
 34406 | Snake:3  | Bought a scroll of teleportation for 48 gold pieces
 34838 | Snake:4  | Entered Level 4 of the Snake Pit
 35555 | Snake:4  | Noticed Aizul
 35594 | Snake:4  | Killed Aizul
 35674 | Snake:4  | Found a shimmering altar of Xom.
 36071 | Snake:4  | Reached skill level 14 in Invocations
 36071 | Snake:4  | Reached XP level 19. HP: 90/118 MP: 12/26
 37024 | Snake:4  | Got a serpentine rune of Zot
 37026 | Snake:4  | Identified the ring "Agoxtophoi" {MP+9 Str+2 Int+6 Stlth+}
                  | (You found it on level 2 of the Snake Pit)
 37066 | Snake:4  | Upgraded the game from 0.25.0-11-g1f837a76a1 to
                  | 0.25.0-15-gac7dcb8919
 37324 | Swamp:1  | Entered Level 1 of the Swamp
 38290 | Swamp:2  | Noticed Jorgrun
 38305 | Swamp:2  | Killed Jorgrun
 40009 | Swamp:3  | Noticed Donald
 40158 | Swamp:3  | Killed Donald
 40158 | Swamp:3  | Reached XP level 20. HP: 117/125 MP: 28/28
 40291 | Swamp:3  | Got a faintly glowing falchion
 40292 | Swamp:3  | Identified the cursed +3 falchion "Jounkel" {holy, rPois
                  | Int+4 Stlth+} (You found it on level 3 of the Swamp)
 40456 | Swamp:4  | Entered Level 4 of the Swamp
 40487 | Swamp:4  | Reached skill level 15 in Invocations
 40739 | Swamp:4  | Reached skill level 5 in Stealth
 40886 | Swamp:4  | Noticed the 27-headed Lernaean hydra
 40894 | Swamp:4  | Killed the 27-headed Lernaean hydra
 41121 | Swamp:4  | Got a decaying rune of Zot
 41774 | Lair:6   | Killed Jipob's ghost
 41837 | Slime:1  | Entered Level 1 of the Pits of Slime
 41909 | Slime:2  | Gained mutation: You are frail. (-10% HP) [a shining eye]
 41912 | Slime:2  | Gained mutation: Scrolls take you a little longer to read.
                  | [a shining eye]
 41913 | Slime:2  | Gained mutation: Armour fits poorly on your strangely
                  | shaped body. [a shining eye]
 42001 | Slime:2  | Gained mutation: You are partially covered in rugged brown
                  | scales. (AC +1, +3% HP) [a shining eye]
 42005 | Slime:1  | Gained mutation: You are weak. (Str -2) [a shining eye]
 42947 | Slime:4  | Gained mutation: You occasionally shout uncontrollably at
                  | your foes. [a shining eye]
 43212 | Slime:3  | Reached skill level 5 in Evocations
 43637 | Slime:5  | Entered Level 5 of the Pits of Slime
 43637 | Slime:5  | Found a viscous altar of Jiyva.
 43649 | Slime:5  | Noticed the Royal Jelly
 43660 | Slime:5  | Gained mutation: Your magical capacity is very low. (-20%
                  | MP) [a shining eye]
 43663 | Slime:5  | Gained mutation: Scrolls take you longer to read. [a
                  | shining eye]
 44003 | Slime:5  | Gained mutation: You are very weak. (Str -4) [a shining
                  | eye]
 44004 | Slime:5  | Paralysed by a great orb of eyes for 5 turns
 44008 | Slime:5  | Gained mutation: Your flesh is cold resistant. (rC+) [a
                  | shining eye]
 44011 | Slime:4  | Lost mutation: Armour fits poorly on your strangely shaped
                  | body. [potion of mutation]
 44011 | Slime:4  | Lost mutation: Your flesh is cold resistant. (rC+) [potion
                  | of mutation]
 44011 | Slime:4  | Lost mutation: Scrolls take you longer to read. [potion of
                  | mutation]
 44011 | Slime:4  | Lost mutation: Your magical capacity is very low. (-20% MP)
                  | [potion of mutation]
 44011 | Slime:4  | Gained mutation: You have a pair of small horns on your
                  | head. [potion of mutation]
 44012 | Slime:4  | Lost mutation: Scrolls take you a little longer to read.
                  | [potion of mutation]
 44012 | Slime:4  | Lost mutation: You are frail. (-10% HP) [potion of
                  | mutation]
 44012 | Slime:4  | Lost mutation: You have a pair of small horns on your head.
                  | [potion of mutation]
 44012 | Slime:4  | Gained mutation: You are clumsy. (Dex -2) [potion of
                  | mutation]
 44012 | Slime:4  | Gained mutation: You expend magic power (3 MP) to
                  | strengthen your wands. [potion of mutation]
 44013 | Slime:4  | Lost mutation: You expend magic power (3 MP) to strengthen
                  | your wands. [potion of mutation]
 44013 | Slime:4  | Lost mutation: You occasionally shout uncontrollably at
                  | your foes. [potion of mutation]
 44013 | Slime:4  | Gained mutation: You are resistant to hostile enchantments.
                  | (MR+) [potion of mutation]
 44210 | Slime:4  | Gained mutation: You occasionally shout uncontrollably at
                  | your foes. [a shining eye]
 44221 | Slime:4  | Lost mutation: You are very weak. (Str -4) [potion of
                  | mutation]
 44221 | Slime:4  | Lost mutation: Your magical capacity is low. (-10% MP)
                  | [potion of mutation]
 44221 | Slime:4  | Lost mutation: You occasionally shout uncontrollably at
                  | your foes. [potion of mutation]
 44221 | Slime:4  | Gained mutation: Armour fits poorly on your strangely
                  | shaped body. [potion of mutation]
 44221 | Slime:4  | Gained mutation: You occasionally shout uncontrollably at
                  | your foes. [potion of mutation]
 44221 | Slime:4  | Lost mutation: You are weak. (Str -2) [potion of mutation]
 44482 | Slime:3  | The Shining One protects you from harm!
 45099 | Vaults:1 | Entered Level 1 of the Vaults
 45457 | Vaults:1 | Reached XP level 21. HP: 125/134 MP: 32/32
 45985 | Vaults:1 | Reached skill level 16 in Invocations
 49040 | Vaults:3 | Found a staircase to the Crypt.
 49137 | Vaults:3 | Reached XP level 22. HP: 35/142 MP: 8/34
 49676 | Vaults:3 | Reached skill level 17 in Invocations
 49681 | Vaults:3 | You are sucked into a shaft and drop 1 floor!
 49739 | Vaults:4 | Found Uraifoed's Magic Scroll Shop.
 50174 | Vaults:4 | Bought 3 scrolls of magic mapping for 115 gold pieces
 50174 | Vaults:4 | Bought 2 scrolls of enchant armour for 165 gold pieces
 50191 | Vaults:4 | Found a gateway to a bazaar.
 50224 | Bazaar   | Entered a bazaar
 50225 | Bazaar   | Found Teopith's Jewellery Boutique.
 50230 | Bazaar   | Found Neza's Antique Weapon Shop.
 50239 | Bazaar   | Found Yrofos's Food Shoppe.
 50241 | Bazaar   | Found Fitogum's Distillery.
 50275 | Bazaar   | Found Ziedih's Assorted Antiques.
 50319 | Bazaar   | Bought a potion of haste for 160 gold pieces
 50319 | Bazaar   | Bought a potion of resistance for 160 gold pieces
 50319 | Bazaar   | Bought a potion of magic for 128 gold pieces
 50319 | Bazaar   | Bought a potion of curing for 48 gold pieces
 50319 | Bazaar   | Bought a potion of curing for 48 gold pieces
 50319 | Bazaar   | Bought a potion of might for 64 gold pieces
 50319 | Bazaar   | Bought a potion of cancellation for 128 gold pieces
 50325 | Bazaar   | Bought a ration for 65 gold pieces
 50325 | Bazaar   | Bought a ration for 65 gold pieces
 50325 | Bazaar   | Bought a ration for 65 gold pieces
 50325 | Bazaar   | Bought a ration for 65 gold pieces
 50325 | Bazaar   | Bought a ration for 65 gold pieces
 50325 | Bazaar   | Bought a ration for 65 gold pieces
 50325 | Bazaar   | Bought a ration for 65 gold pieces
 50325 | Bazaar   | Bought a ration for 65 gold pieces
 50325 | Bazaar   | Bought a ration for 65 gold pieces
 50325 | Bazaar   | Bought a ration for 65 gold pieces
 50325 | Bazaar   | Bought a ration for 65 gold pieces
 50789 | Vaults:4 | Found Waruos's Antique Armour Emporium.
 50803 | Vaults:4 | Bought a bloodstained plate armour for 700 gold pieces
 50902 | Vaults:4 | Noticed Mara
 50913 | Vaults:4 | Killed Mara
 51954 | Vaults:4 | Got a pair of brightly glowing gloves
 51955 | Vaults:4 | Identified the +1 pair of gloves "Zeuri" {Int+3} (You found
                  | it on level 4 of the Vaults)
 52051 | Vaults:5 | Entered Level 5 of the Vaults
 52051 | Vaults:5 | Noticed a golden dragon
 52105 | Vaults:4 | Identified the +8 plate armour "Xil Gam" {-Cast rPois
                  | Regen+ Dex+4} (You bought it in a shop on level 4 of the
                  | Vaults)
 52169 | Vaults:5 | Reached skill level 15 in Armour
 52169 | Vaults:5 | Reached skill level 10 in Stealth
 52172 | Vaults:5 | Killed a golden dragon
 52172 | Vaults:5 | Reached skill level 15 in Shields
 52182 | Vaults:5 | Reached skill level 15 in Fighting
 52207 | Vaults:5 | Reached XP level 23. HP: 148/148 MP: 12/35
 52579 | Vaults:5 | Reached skill level 18 in Invocations
 52920 | Vaults:5 | Identified the Volume of Ghastly Feathers
 52933 | Vaults:5 | Identified the +8 longbow "Kagido" {vorpal, +Inv rElec
                  | Dex+4}
 53050 | Vaults:5 | Identified the Grimoire of Malediction
 54341 | Vaults:5 | Reached skill level 19 in Invocations
 54394 | Vaults:5 | Identified the Tome of Dislocated Weightlessness
 54432 | Vaults:5 | Reached XP level 24. HP: 156/156 MP: 36/36
 54720 | Vaults:5 | Got a silver rune of Zot
 54731 | Vaults:5 | Got a pair of fading boots
 54732 | Vaults:5 | Identified the cursed +0 pair of boots "Zerghuosch" {Dex+5}
                  | (You found it on level 5 of the Vaults)
 54735 | Vaults:5 | Got a polished long sword
 54736 | Vaults:5 | Identified the +8 long sword of the Smoking Dove
                  | {antimagic, rElec Str-3 Int+4} (You found it on level 5 of
                  | the Vaults)
 54833 | Vaults:5 | Got a bound marble ring
 54834 | Vaults:5 | Identified the ring "Mounko" {+Fly rN+ Str-4 Int+5} (You
                  | found it on level 5 of the Vaults)
 55977 | D:14     | Noticed Roxanne
 55999 | D:14     | Killed Roxanne
 56198 | D:14     | Found a sparkling altar of Nemelex Xobeh.
 56339 | D:14     | You are sucked into a shaft and drop 1 floor!
 56339 | D:15     | Entered Level 15 of the Dungeon
 56463 | D:15     | Found Miax's Jewellery Shop.
 56505 | D:15     | Found a staircase to the Depths.
 56533 | D:15     | Noticed Louise
 56557 | D:15     | Killed Louise
 56796 | D:15     | Found Fasty's General Store.
 56801 | D:15     | Bought a potion of might for 52 gold pieces
 56801 | D:15     | Bought a ration for 65 gold pieces
 56883 | D:15     | Found a huge runed gate.
 56883 | D:15     | Found a huge runed gate.
 56883 | D:15     | Found a huge runed gate.
 56883 | D:15     | Found a huge runed gate.
 56883 | D:15     | Found a huge runed gate.
 56883 | D:15     | Found a huge runed gate.
 56891 | D:15     | Found a huge runed gate.
 56891 | D:15     | Found a huge runed gate.
 56891 | D:15     | Found a huge runed gate.
 56891 | D:15     | Found a huge runed gate.
 56897 | D:15     | Found a huge runed gate.
 56897 | D:15     | Found a huge runed gate.
 56897 | D:15     | Found a huge runed gate.
 56898 | D:15     | Found a huge runed gate.
 56906 | D:15     | Found a huge runed gate.
 56906 | D:15     | Found a huge runed gate.
 56906 | D:15     | Found a huge runed gate.
 56906 | D:15     | Found a huge runed gate.
 56906 | D:15     | Found a huge runed gate.
 56909 | D:15     | Found a huge runed gate.
 56910 | D:15     | Found a huge runed gate.
 56911 | D:15     | Found a huge runed gate.
 56952 | D:15     | Found a huge runed gate.
 56954 | D:15     | Found a huge runed gate.
 56954 | D:15     | Found a huge runed gate.
 56954 | D:15     | Found a huge runed gate.
 56959 | D:15     | Found a huge runed gate.
 56960 | D:15     | Found a huge runed gate.
 56961 | D:15     | Found a huge runed gate.
 56962 | D:15     | Found a huge runed gate.
 57148 | D:15     | Found Yseruhen's Food Emporium.
 57156 | D:15     | Bought a ration for 70 gold pieces
 57156 | D:15     | Bought a ration for 70 gold pieces
 57156 | D:15     | Bought a ration for 70 gold pieces
 57156 | D:15     | Bought a ration for 70 gold pieces
 57156 | D:15     | Bought a ration for 70 gold pieces
 57156 | D:15     | Bought a ration for 70 gold pieces
 57156 | D:15     | Bought a ration for 70 gold pieces
 57156 | D:15     | Bought a ration for 70 gold pieces
 58101 | Crypt:1  | Entered Level 1 of the Crypt
 58101 | Crypt:1  | Found a basalt altar of Yredelemnul.
 58277 | Crypt:1  | Found a magical portal.
 58659 | WizLab   | Found a burning altar of Makhleb.
 58748 | WizLab   | Got a scintillating iron ring
 58749 | WizLab   | Identified the ring of the Everdark {rPois rC+ Stlth+} (You
                  | found it in a wizard's laboratory)
 58756 | WizLab   | Got a coiled copper ring
 58757 | WizLab   | Identified the ring of Wishful Thinking {*Tele Int+3} (You
                  | found it in a wizard's laboratory)
 58759 | WizLab   | Identified Ugiat's Compendium of the Escort
 59041 | Crypt:1  | Found a shimmering blue altar of Sif Muna.
 59079 | Crypt:1  | Reached skill level 20 in Invocations
 59669 | Crypt:2  | Reached XP level 25. HP: 164/164 MP: 37/37
 59794 | Crypt:2  | Noticed Nyubb's ghost (veteran MiGl)
 59808 | Crypt:2  | Found a transporter.
 59813 | Crypt:2  | Found a transporter.
 59861 | Crypt:2  | Killed Nyubb's ghost
 60160 | Crypt:2  | Identified Wobbemmi's Tome of Doomed Ignition
 60230 | Crypt:3  | Entered Level 3 of the Crypt
 60620 | Crypt:3  | Identified the Guide on Necromancy
 61509 | Crypt:3  | Found a staircase to the Tomb.
 61511 | Crypt:3  | Noticed an ancient lich
 61523 | Crypt:3  | Killed an ancient lich
 61534 | Crypt:3  | Noticed an ancient lich
 61539 | Crypt:3  | Killed an ancient lich
 61587 | Crypt:3  | Identified the Incunabulum of Shifting Sinister Arts
 61604 | Tomb:1   | Entered Level 1 of the Tomb of the Ancients
 62031 | Tomb:1   | Noticed a greater mummy
 62033 | Tomb:1   | Noticed a greater mummy
 62034 | Tomb:1   | Noticed a greater mummy
 62037 | Tomb:1   | Killed a greater mummy
 62041 | Tomb:1   | Killed a greater mummy
 62086 | Tomb:1   | Killed a greater mummy
 62541 | Tomb:2   | Noticed a greater mummy
 62541 | Tomb:2   | Noticed a greater mummy
 62543 | Tomb:2   | Noticed a greater mummy
 62543 | Tomb:2   | Noticed a greater mummy
 62619 | Tomb:2   | Killed a greater mummy
 62619 | Tomb:2   | Reached skill level 21 in Invocations
 62619 | Tomb:2   | HP: 5/166 [something (12)]
 62667 | Tomb:2   | Killed a greater mummy
 62667 | Tomb:2   | Reached XP level 26. HP: 45/173 MP: 4/37
 62694 | Tomb:2   | HP: 4/173 [death scarab (11)]
 62695 | Tomb:2   | Mangled by a death scarab

Illustrated notes

Levels and vault maps discovered:
D:1:      saegor_arrival_fortress, layout_basic, chequers_arboretum
D:2:      layout_rooms, grunt_ministairs_8
D:3:      layout_loops_corners, first_ration, minmay_fractal_squares_diagonal_5
D:4:      layout_cave_pods, cheibrodos_sewer_entry_sluice, lemuel_old_faithful
D:5:      layout_gridville, elyvilon_altar_3, uniq_pikel
D:6:      layout_loops_ring, minmay_temple_entry_trees, uniq_eustachio,
          uniq_sigmund, uniq_prince_ribbit1
D:7:      layout_rooms, uniq_harold
D:8:      layout_basic, hangedman_little_slice_of_home, jiyva_altar_1,
          uniq_gastronok
D:9:      layout_basic, dpeg_lair_monsters, uniq_grum
D:10:     layout_irregular_city, orc_0_dummy, ebering_ghost_inner_flame
D:11:     layout_roguey, basic_altar, portal_ice_cave_entry_imps, serial_shops,
          nicolae_shop_overgrown_old_shop
D:12:     layout_loops_ring, serial_shops, shop, minmay_misc_feat_rows,
          led_sif_book
D:13:     layout_basic, erik_vaults_1, serial_shops, shop
D:14:     layout_loops_ring, nemelex_xobeh_ov_fountains_minmay, uniq_roxanne
D:15:     grunt_enter_depths_snipers, layout_irregular_city, serial_shops, shop,
          shop, nicolae_shop_statue_plus, door_vault, uniq_louise
Temple:   grunt_wide_crystal_templ
Lair:1:   layout_gridlike, st_stairs_3
Lair:2:   layout_regular_city, guppyfry_snake_entry_island, minmay_hedge_maze,
          grunt_megastairs_4, uniq_erica
Lair:3:   layout_hall_layers, minmay_swamp_entry_worms,
          chequers_serial_rivers_small_b, uniq_fannar
Lair:4:   gammafunk_lair_enchanted_lake, layout_cave_pods
Lair:5:   layout_layer_cave
Lair:6:   evil_forest, layout_concentric_octagons, dpeg_slime_entry_corner,
          gammafunk_ghost_arena, uniq_kirke
Swamp:1:  layout_basic_swamp, evilmike_swamp_ruin_rubble_1
Swamp:2:  layout_basic_swamp, nicolae_swamp_stair_fork, swamp_pool2,
          nicolae_swamp_rocky_clearing, uniq_jorgrun
Swamp:3:  cheibrodos_swamp_mausoleum, layout_basic_swamp, hangedman_swamp_pad,
          swamp_pool1, uniq_donald
Swamp:4:  grunt_swamp_rune_castle, layout_basic_swamp
Snake:1:  layout_chambers, serial_shops, shop_fountains
Snake:2:  layout_honeycomb, grunt_ministairs_14
Snake:3:  layout_cave_town, serial_shops, shop
Snake:4:  snake_pit_salamanders_mu, layout_cave_town, basic_altar,
          nicolae_snake_biting_tails, uniq_aizul
Slime:1:  layout_caves
Slime:2:  layout_caves
Slime:3:  layout_caves, nicolae_slime_barrier
Slime:4:  layout_caves
Slime:5
Orc:1:    layout_caves, serial_shops, shop, mines2_david
Orc:2:    st_orc_mages, layout_caves, mines5_lemuel
Elf:1:    kennysheep_blocky_room, layout_gridlike, minmay_elf_crystal_heptagon,
          eino_tiny_chamber
Elf:2:    layout_geoelf_diagonals, serial_shops, shop,
          portal_desolation_entry_salt
Elf:3:    elf_hall_gauntlet_narrow, layout_gridlike,
          einodemon_crawler_minivault, grunt_megastairs_2, uniq_bai_suzhen,
          uniq_nikola
Vaults:1: ontoclasm_vaults_twist, hangedman_vaults_slither, v_misc_15,
          vaults_mumra_lcd, nicolae_vaults_big_ls, ontoclasm_vaults_ligature,
          hangedman_vaults_cutoff, vaults_room_pools, grunt_vaults_focal,
          vaults_room_stairs_pillars, layout_vaults_ring
Vaults:2: nicolae_vaults_theta, v_misc_9, grunt_vaults_bifocal, v_misc_13,
          grunt_vaults_diagonal, nicolae_vaults_little_squares_6,
          st_smaller_cells, nicolae_vaults_gold_heap,
          nicolae_vaults_mini_display_case, layout_vaults_omnigrid
Vaults:3: v_misc_1, minmay_crypt_entry_simple_sparse, ontoclasm_vaults_fault,
          nicolae_vaults_border_crossing, hangedman_vaults_nails, v_rooms_6,
          nicolae_vaults_network_square, nicolae_vaults_hallways_thing,
          v_misc_9, nicolae_vaults_little_ls, vaults_room_ringed_pool,
          ontoclasm_vaults_misaligned, nicolae_vaults_little_squares_4,
          ontoclasm_vaults_gateway, layout_vaults_maze
Vaults:4: v_misc_17, vaults_room_pool, hangedman_vaults_stream,
          vaults_room_corners, hangedman_vaults_impose,
          nicolae_vaults_specimen_jars, nicolae_vaults_what_the_h,
          nicolae_vaults_statue_guard, layout_vaults_omnicross, serial_shops,
          bzr_entry_safe, nicolae_shop_overgrown_old_shop, shop_fountains,
          uniq_mara
Vaults:5: serial_shops
Crypt:1:  layout_chaotic_city, basic_altar, lightli_enter_wizlab_magi_temple,
          minmay_misc_feat_five, moated_statue, corexii_hall_statues_s,
          hangedman_summoners_spam
Crypt:2:  statuecave_lemuel, layout_rooms, gammafunk_ghost_mausoleum
Crypt:3:  quadcrypt_mu
Tomb:1
Tomb:2

Skill      XL: |  1  2  3  4  5  6  7  8  9 10 11 12 13 14 15 16 17 18 19 20 21 22 23 24 25 |
---------------+----------------------------------------------------------------------------+-----
Dodging        | 1 2 4 6 7 8 9 11 12 13 14 15 16 17 18 19 | 19.6
Maces & Flails | 3 4 5 6 7 8 9 10 11 12 13 14 15 16 17 18 19 | 19.0
Shields        | 4 5 6 7 8 9 10 11 12 13 14 15 | 15.0
Fighting       | 4 5 6 7 8 9 10 11 12 13 14 15 16 18 | 18.0
Armour         | 4 5 6 7 8 9 10 11 12 13 14 15 | 15.0
Throwing       | 1 2 3 5 6 8 9 10 | 10.0
Invocations    | 2 3 5 6 7 8 10 11 12 14 15 16 17 19 20 21 | 21.0
Stealth        | 1 3 4 6 8 10 | 10.6
Evocations     | 1 3 4 5 7 |  7.0

Action                   |  1- 3 |  4- 6 |  7- 9 | 10-12 | 13-15 | 16-18 | 19-21 | 22-24 | 25-27 || total
-------------------------+-------+-------+-------+-------+-------+-------+-------+-------+-------++-------
Melee: Flail             |   179 |   205 |       |       |       |    14 |       |       |       ||   398
       Whip              |       |   148 |   195 |    36 |       |       |       |       |       ||   379
       Morningstar       |       |       |   190 |   529 |  1197 |    54 |   622 |  1680 |   444 ||  4716
       Mace              |       |       |       |     8 |    68 |  1911 |  1740 |       |       ||  3727
Throw: Javelin           |       |       |       |     9 |    12 |     3 |       |     3 |       ||    27
       Dart              |       |       |       |       |    10 |     1 |       |     2 |       ||    13
Invok: Divine Shield     |       |       |       |     2 |     1 |     3 |     2 |     4 |     2 ||    14
       Cleansing Flame   |       |       |       |       |    12 |     7 |    22 |    18 |     7 ||    66
       Summon Divine War |       |       |       |       |     6 |    14 |    14 |    19 |    16 ||    69
 Abil: Fly               |       |       |       |       |       |     1 |       |       |       ||     1
Evoke: Wand              |       |       |       |     3 |     7 |     9 |       |     1 |     1 ||    21
       Phantom mirror    |       |       |       |       |     1 |       |     2 |       |       ||     3
       Box of beasts     |       |       |       |       |       |     1 |     2 |     5 |     6 ||    14
       Lightning rod     |       |       |       |       |       |       |     6 |     6 |     7 ||    19
  Use: Potion            |     1 |       |     4 |     7 |     8 |    10 |    13 |     3 |    17 ||    63
       Scroll            |       |    10 |     4 |    21 |    22 |    14 |    10 |    18 |    13 ||   112
  Eat: Chunk             |     2 |     8 |     8 |    15 |    32 |    19 |    34 |    25 |     9 ||   152
       Ration            |       |       |     1 |     2 |     2 |     8 |     5 |     5 |     3 ||    26
Armor: Scale mail        |    41 |       |       |   215 |   468 |   125 |       |       |       ||   849
       Chain mail        |   143 |   218 |   239 |       |       |   513 |  1119 |   598 |   228 ||  3058
       Skin              |       |       |     7 |     1 |       |       |       |       |       ||     8
Dodge: Dodged            |    94 |    82 |   109 |   215 |   559 |   704 |  1033 |   524 |   227 ||  3547
       Repelled          |       |       |       |     2 |    27 |   107 |    41 |    38 |     5 ||   220
Block: Kite shield       |   150 |   207 |   247 |   416 |   986 |  1807 |  2264 |  1358 |   408 ||  7843
       Reflection        |       |       |       |       |       |       |       |     9 |     6 ||    15
